 Dungeon Crawl Stone Soup version 0.27.1-4-g1640c2035a (webtiles) character file.

Game seed: 6105853955180816247

211 Crownlay the Slasher (level 5, -1/42 HPs)
             Began as a Minotaur Gladiator on Nov 6, 2021.
             Slain by a gnoll (9 damage)
             ... on level 3 of the Dungeon.
             The game lasted 00:03:41 (2728 turns).

Crownlay the Slasher (Minotaur Gladiator)           Turns: 2728, Time: 00:03:41

Health: -1/42      AC:  3    Str: 19    XL:     5   Next: 57%
Magic:  4/4        EV: 12    Int:  5    God:
Gold:   154        SH:  0    Dex: 12    Spells: 4/4 levels left

rFire    . . .     SeeInvis .   a - +0 long sword
rCold    + . .     Faith    .   (no shield)
rNeg     . . .     Spirit   .   b - +0 leather armour
rPois    .         Reflect  .   c - +0 hat
rElec    .         Harm     .   (no cloak)
rCorr    .         Rampage  .   (no gloves)
Will     .....                  (no boots)
Stlth    +.........             (no amulet)
HPRegen  0.14/turn              i - ring of protection from cold
MPRegen  0.09/turn              (no ring)

@: no status effects
A: horns 2, retaliatory headbutt
a: no special abilities


You were on level 3 of the Dungeon.
You visited 1 branch of the dungeon, and saw 3 of its levels.

You collected 154 gold pieces.

Inventory:

Hand Weapons
 a - a +0 long sword (weapon)
Missiles
 d - 2 throwing nets (quivered)
Armour
 b - a +0 leather armour (worn)
 c - a +0 hat (worn)
 l - a +0 kite shield
Jewellery
 i - a ring of protection from cold (left hand)
Scrolls
 f - a scroll of noise {unknown}
 g - a scroll of torment {unknown}
 k - a scroll of identify {unknown}
 m - a scroll of teleportation {unknown}
 p - a scroll of immolation {unknown}
 q - a scroll of blinking {unknown}
Potions
 e - a potion of invisibility {unknown}
 h - a potion of lignification {unknown}
 j - a potion of cancellation {unknown}
 n - 3 potions of heal wounds {unknown}
 o - a potion of curing {unknown}


   Skills:
 - Level 2.4 Fighting
 * Level 7.0 Long Blades
 - Level 2.0 Throwing
 - Level 3.2 Dodging
 + Level 2.6 Shields


You had 4 spell levels left.
You didn't know any spells.
Your spell library contained the following spells:

 Spells                   Type           Power      Damage    Failure   Level
 Summon Small Mammal      Summ           0%         N/A       54%         1
 Call Canine Familiar     Summ           0%         N/A       88%         3
 Summon Guardian Golem    Hex/Summ       0%         N/A       88%         3


Dungeon Overview and Level Annotations

Branches:
Dungeon (3/15)

Altars:
Ashenzari
Hepliaklqana


Innate Abilities, Weirdness & Mutations

You have a pair of horns on your head.
You reflexively headbutt those who attack you in melee.


Message History

You hit the gnoll.
You kill the gnoll!
A gnoll comes into view. It is wielding a +0 halberd.
Your Long Blades skill increases to level 7!
A kobold comes into view. It is wielding a +0 short sword.
The kobold shouts!
The gnoll closely misses you.
You riposte.
You closely miss the gnoll. Your headbutt misses the gnoll.
You slash the gnoll!
The gnoll is heavily wounded.
The gnoll hits you but does no damage.
You closely miss the gnoll. You headbutt the gnoll.
The gnoll is almost dead.
The gnoll hits you with a +0 halberd!
A gnoll comes into view. It is wielding a +0 halberd.
You hit the gnoll.
You kill the gnoll!
You hit the kobold.
You kill the kobold!
The gnoll hits you with a +0 halberd!
Items here: ( )) ††.
You hit the gnoll. Your headbutt misses the gnoll.
The gnoll is lightly wounded.
The gnoll hits you but does no damage.
You closely miss the gnoll.
The gnoll is lightly wounded.
The gnoll hits you with a +0 halberd!
* * * LOW HITPOINT WARNING * * *
You are too injured to fight recklessly!
You are too injured to fight recklessly!
You are too injured to fight recklessly!
You are too injured to fight recklessly!
You are too injured to fight recklessly!
You completely miss the gnoll.
The gnoll is lightly wounded.
The gnoll closely misses you.
You hit the gnoll. Your headbutt misses the gnoll.
The gnoll is moderately wounded.
The gnoll hits you with a +0 halberd!
You die...

#..# #........# )..#
#######.## ##.######
#..# #.......####
##.# ...###.....#
#.#
#.####.....#####(###
#.##.......##....).#
#.##.#.....##.##.#.#
#......>...## #@#.#
#..>†...#### #.g.#
.....#.## ###.#
##.###.# .# ##.###.#
# ##.....# ########
# .


You could see a gnoll.

Vanquished Creatures
  A bullfrog skeleton (D:3)
  An orc wizard (D:3)
  6 gnolls (D:3)
  An adder (D:2)
  A worm (D:3)
  2 dart slugs (D:1)
  7 orcs (D:3)
  7 endoplasms
  A giant cockroach (D:1)
  2 goblins
  11 hobgoblins
  8 jackals (D:2)
  5 kobolds
  4 quokkas
  8 ball pythons
  2 bats
  6 frilled lizards
  A rat (D:2)
74 creatures vanquished.

Vanquished Creatures (others)
  4 fungi (D:3)
  3 plants (D:3)
7 creatures vanquished.

Grand Total: 81 creatures vanquished

Notes
Turn   | Place    | Note
-------+----------+-------------------------------------------
     0 | D:1      | Crownlay the Minotaur Gladiator began the quest for the
                  | Orb.
     0 | D:1      | Reached XP level 1. HP: 18/18 MP: 0/0
   216 | D:1      | Reached skill level 4 in Long Blades
   284 | D:1      | Reached XP level 2. HP: 25/25 MP: 1/1
   621 | D:1      | Reached skill level 5 in Long Blades
   680 | D:2      | Reached XP level 3. HP: 29/30 MP: 2/2
   692 | D:2      | Found a hazy altar of Hepliaklqana.
  1527 | D:3      | Reached XP level 4. HP: 9/37 MP: 3/3
  1813 | D:3      | Reached skill level 6 in Long Blades
  1813 | D:3      | Reached skill level 1 in Shields
  2253 | D:3      | Reached XP level 5. HP: 33/42 MP: 4/4
  2317 | D:3      | Found a faded altar of an unknown god.
  2560 | D:3      | Found a broken altar of Ashenzari.
  2718 | D:3      | Reached skill level 7 in Long Blades
  2728 | D:3      | Slain by a gnoll

Illustrated notes

Levels and vault maps discovered:
D:1:      dpeg_arrival_rooms_c, layout_rooms, minmay_tall_x
D:2:      layout_basic, basic_altar
D:3:      layout_loops_cross, nicolae_ashenzari_skybound,
          shapermc_ecumenical_altar_acropolis

Skill      XL: |  1  2  3  4  5 |
---------------+----------------+-----
Long Blades    | 4 5 6 7 |  7.0
Shields        | 2 |  2.6
Fighting       | |  2.4
Throwing       | |  2.0
Dodging        | |  3.2

Action                   |  1- 3 |  4- 6 || total
-------------------------+-------+-------++-------
Melee: Long sword        |   101 |    72 ||   173
       Headbutt          |    18 |    16 ||    34
Throw: Throwing net      |       |     3 ||     3
 Stab: Sleeping          |     1 |       ||     1
       Held in net/web   |       |     1 ||     1
Armor: Leather armour    |    18 |    16 ||    34
Dodge: Dodged            |    70 |    26 ||    96
       Rpst.: Long sword |    16 |     7 ||    23
